AoeStats
← 无助小羊

MegaRandom

510736367Analyzed
2v2 RM · 1d ago on Oct 2, 2026· 30m 10s· 4 players
Game mode
Random Map
Map size
Medium (4 player)
Population
200
Speed
Normal
Resources
Standard
Victory
Conquest
Starting age
Dark Age
Ending age
Imperial Age
RankedLock teamsTeams togetherTeam positionsShared explorationLock speedFull tech treeHidden civsTurbo modeCheats
Victory
Defeat
🇨🇳 Spanish · China
1391
+14
🇮🇹 Khitans · Italy
1389
+14
🇨🇳 Huns · China
1350
-14
🇨🇳 Gurjaras · China
1342
-14
无助小羊
1:31 Loom
9:51 Feudal Age
13:57 Castle Age
12:09 Double-Bit Axe
12:48 Stone Mining
13:36 Horse Collar
13:49 Gold Mining
16:45 Wheelbarrow
17:48 Padded Archer Armor
19:25 Leather Archer Armor
20:18 Fletching
30:09 Husbandry
30:49 Bloodlines
[GenX] Phoenix
3:28 Loom
12:04 Feudal Age
13:35 Forging
13:31 Scale Barding Armor
15:57 Castle Age
14:22 Double-Bit Axe
14:27 Domestication
17:27 Wheelbarrow
17:31 Husbandry
19:37 Hand Cart
24:45 Imperial Age
23:21 Scale Mail Armor
23:57 Iron Casting
23:43 Squires
23:29 Arson
25:05 Chain Mail Armor
26:03 Town Watch
26:35 Masonry
26:48 Elite Liao Dao
28:01 Plate Mail Armor
27:52 Chain Barding Armor
27:41 Lamellar Armor
27:42 Ordo Cavalry
28:19 Elite Steppe Lancer
T.T
7:37 Loom
13:32 Feudal Age
18:26 Castle Age
17:31 Scale Barding Armor
17:26 Double-Bit Axe
19:07 Bloodlines
19:35 Husbandry
20:54 Wheelbarrow
20:34 Forging
20:26 Town Watch
21:42 Horse Collar
22:13 Bow Saw
25:05 Heavy Plow
26:36 Chain Barding Armor
27:24 Gold Mining
27:26 Stone Mining
29:05 Kshatriyas
v1ttly_
2:08 Loom
4:29 Loom
9:37 Feudal Age
10:45 Double-Bit Axe
14:28 Castle Age
12:38 Padded Archer Armor
12:47 Fletching
12:57 Horse Collar
14:53 Bloodlines
15:15 Bodkin Arrow
18:21 Husbandry
19:16 Ballistics
19:21 Bow Saw
20:24 Bloodlines
26:26 Leather Archer Armor
Connection lost

Rejoining the realm…

Still unreachable

The connection could not be restored.

Session expired

The server has moved on; the page needs a fresh start.